 Dungeon Crawl Stone Soup version 0.30.1-11-g7821555f0a (webtiles) character file.

Game seed: 3173431461092501929

106 GreatBamboolord the Magician (level 5, -8/37 HPs)
             Began as a Djinni Air Elementalist on Dec 1, 2023.
             Killed by divine providence
             ... invoked by an orc priest
              (11 damage)
             ... on level 3 of the Dungeon.
             The game lasted 00:04:10 (2061 turns).

GreatBamboolord the Magician (DjAE)                 Turns: 2061, Time: 00:04:11

Health: -8/37      AC:  3    Str:  7    XL:     5   Next: 10%
Gold:   34         EV: 17    Int: 19    God:
                   SH:  0    Dex: 13

rFire   + + .        (no weapon)
rCold   x . .        (no shield)
rNeg    . . .        a - +0 robe
rPois   ∞            i - +0 helmet
rElec   .            (no cloak)
rCorr   +            (no gloves)
SInv    .            (boots unavailable)
Will    .....        (no amulet)
Stlth   ++           g - ring of resist corrosion
HPRegen 0.00/turn    l - +5 ring of evasion
MPRegen 0.00/turn

%: infuse magic (-9 HP)
@: mighty, flying, inhibited regen
A: sickness immunity, fire resistance 2, cold vulnerability 1, float, innate
caster, HP casting, extra vitality 1, inhibited regeneration
a: no special abilities


You were on level 3 of the Dungeon.
You visited 1 branch of the dungeon, and saw 3 of its levels.

You collected 92 gold pieces.
You spent 58 gold pieces at shops.

Inventory:

Armour
 a - a +0 robe (worn)
 i - a +0 helmet (worn)
Jewellery
 g - a ring of resist corrosion (left hand)
 l - a +5 ring of evasion (right hand)
Potions
 c - a potion of degeneration {unknown}
 d - a potion of heal wounds {unknown}
 e - 2 potions of might
 f - a potion of lignification {unknown}
 j - a potion of mutation
 k - a potion of berserk rage {unknown}


   Skills:
 + Level 1.6 Fighting
 + Level 3.0 Dodging
 + Level 2.3 Stealth
 * Level 3.2 Spellcasting


You knew the following spells:

 Your Spells              Type           Power      Damage    Failure   Level
a - Shock                 Conj/Air       60%        1d6       4%          1
b - Static Discharge      Conj/Air       30%        2-4/arc   6%          2
c - Swiftness             Air            15%        N/A       12%         3
d - Airstrike             Air            7%         2d(2-18)  36%         4
e - Kiss of Death         Conj/Necr      60%        2d10      4%          1
f - Passwall              Tmut/Erth      12%        N/A       6%          2
Your spell library was empty.

Dungeon Overview and Level Annotations

Branches:
Dungeon (3/15)

Altars:

Shops:
D:2 [


Innate Abilities, Weirdness & Mutations

You are immune to sickness and miasma.
You are immune to poison.
Your flesh is very heat resistant. (rF++)
You are vulnerable to cold. (rC-)
You float through the air rather than walking.
You learn spells naturally, not from books.
Your magical power is your life essence.
You have superior vitality. (+4 MHP)
You do not regenerate when monsters are visible.


Message History

The zap misses the orc.
The orc hits you with a +3 short sword.
Unknown command.
Aiming: Shock (safe; 4% risk of failure)
Press: ? - help, Q - select action, (/) - cycle Shift-Dir - straight line, f/p - orc
Aim: an orc, wielding a +3 short sword (heavily wounded, 71% to hit)
You miscast Shock.
You are very lightly contaminated with residual magic.
Nothing appears to happen.
The orc closely misses you.
Aiming: Shock (safe; 4% risk of failure)
Press: ? - help, Q - select action, (/) - cycle Shift-Dir - straight line, f/p - orc
Aim: an orc, wielding a +3 short sword (heavily wounded, 71% to hit)
The zap hits the orc.
You kill the orc!
Unknown command.
It was a potion of might.
You feel very mighty all of a sudden.
Your magical contamination has completely faded away.
You reach down and open the door.
There is an open door here.
Found a leather armour.
The orc priest invokes the aid of Beogh against you.
Beogh smites you!
* * * LOW HITPOINT WARNING * * *
Found a twisted jewelled staff.
It was a potion of mutation.
You feel extremely strange.
Your regeneration stops near monsters.
As you read the scroll labelled GUOTIX UNIM, it crumbles to dust.
You hear a loud clanging noise!
It was a scroll of noise.
You hear an angry hiss. x2; You hear a shout!
A ball python comes into view.
The orc priest begins to cast a cantrip, but forgets the words!
As you read the scroll labelled GEULUCHIVO, it crumbles to dust.
The creatures around you are filled with an inner flame!
It was a scroll of immolation.
The orc priest invokes the aid of Beogh against you.
Beogh smites you!
You die...

,,,***,*
**,,,,,,,,,,,****,,,,***
,,,+,,,*
*>,,,,,,,,,,,,,**,,,,,,,
,*******
*,************,********* ,~~~~∩*
*,* *,** # ,,~~~~****,* *,,*** #
*,~~~~*,,,,* **,,,**** #
*,,~~~******
##########***,,,,**# *,,,,~*
#........#####**,,*#
**,,*********#..@...w.'w..#
**,##
**,,,,,,..S.........o###w####.o#
*****,,|............##....$....
*,,............)##.w.......
*,,...........).##...+#####
*,,..[...######.###w.#,,,,,
***######* #)†)...#,+***
#..###.#,*,,, #..###[#,*,**


You could see 2 worms, an orc priest (inner flame) and a ball python (inner
flame).

Vanquished Creatures
  5 adders
  A dart slug (D:1)
  5 orcs
  5 ball pythons
  3 endoplasms
  2 giant cockroaches
  7 goblins
  5 hobgoblins
  7 kobolds (D:1)
  2 quokkas (D:1)
  3 bats
  2 frilled lizards
  5 rats
  A spectral kobold (D:1)
53 creatures vanquished.

Notes
Turn   | Place    | Note
-------+----------+-------------------------------------------
     0 | D:1      | GreatBamboolord the Djinni Air Elementalist began the quest
                  | for the Orb.
     0 | D:1      | GreatBamboolord set off with the following spells
                  | memorised: Shock, Static Discharge, Swiftness, Airstrike.
     0 | D:1      | Reached XP level 1. HP: 15/15 MP: 0/0
   213 | D:1      | Reached XP level 2. HP: 21/22 MP: 0/0
   674 | D:1      | Reached XP level 3. HP: 25/26 MP: 0/0
   674 | D:1      | Learned a level 1 spell: Kiss of Death
   835 | D:1      | Found a faded altar of an unknown god.
  1101 | D:2      | Reached skill level 1 in Fighting
  1269 | D:2      | Reached XP level 4. HP: 21/32 MP: 0/0
  1410 | D:2      | Found Vatoy's Armour Boutique.
  1461 | D:2      | Bought a +0 helmet for 58 gold pieces
  2034 | D:3      | Reached XP level 5. HP: 25/37 MP: 0/0
  2034 | D:3      | Learned a level 2 spell: Passwall
  2059 | D:3      | Gained mutation: You do not regenerate when monsters are
                  | visible. [potion of mutation]
  2061 | D:3      | Killed from afar by an orc priest

Illustrated notes

Levels and vault maps discovered:
D:1:      minmay_arrival_stair_chambers, layout_basic,
          dreamdust_ecumenical_altar_drowned_temple, serial_aquarium,
          aquarium_bridge_square [aquarium_subvault_bridge,
          aquarium_subvault_wall, aquarium_subvault_bridge,
          aquarium_subvault_wall], aquarium_bridge_square
          [aquarium_subvault_bridge, aquarium_subvault_bridge,
          aquarium_subvault_bridge, aquarium_subvault_window],
          aquarium_window_corner, aquarium_window_1, aquarium_window_1,
          aquarium_window_fake, aquarium_view_2a, aquarium_view_2d,
          chequers_avenue, lexackson_kobold_supper
D:2:      layout_basic, serial_shops, shop, minmay_fractal_squares_gapless_5
D:3:      layout_basic, cheibrodos_ashenzari_chains, portal_sewer_entry_b,
          minivault_11, uniq_ijyb

Skill      XL: |  1  2  3  4 |
---------------+-------------+-----
Stealth        | 2 |  2.3
Fighting       | 1 |  1.6
Spellcasting   | 3 |  3.2
Dodging        | 3 |  3.0

Action                     |  1- 3 |  4- 6 || total
---------------------------+-------+-------++-------
  Melee: Unarmed           |       |     1 ||     1
   Cast: Shock             |    62 |    48 ||   110
         Static Discharge  |       |     2 ||     2
    Use: Scroll            |       |     3 ||     3
         Potion            |       |     2 ||     2
 Armour: Robe              |     4 |     6 ||    10
  Dodge: Dodged            |    12 |    23 ||    35
